 Dungeon Crawl Stone Soup version 0.27-a0-1202-ge72e49191c (webtiles) character file.

Game seed: 14119435792913406899

37 27snakeeyes612 the Skirmisher (level 3, 0/32 (34) HPs)
             Began as a Naga Fighter on June 4, 2021.
             Slain by Sigmund
             ... wielding a +0 scythe
              (11 damage)
             ... on level 2 of the Dungeon.
             The game lasted 00:00:57 (2018 turns).

27snakeeyes612 the Skirmisher (Naga Fighter)        Turns: 2018, Time: 00:00:57

HP:   0/32 (34)     AC:  4    Str: 19    XL:     3   Next: 41%
MP:   3/3           EV:  5    Int:  8    God:
Gold: 50            SH:  8    Dex: 10    Spells: 2/2 levels left

rFire    . . .     SeeInvis +   a - +0 war axe
rCold    . . .     Faith    .   c - +0 kite shield
rNeg     . . .     Spirit   .   b - +0 scale mail
rPois    +         Reflect  .   (no helmet)
rElec    .         Harm     .   (no cloak)
rCorr    .         Rampage  .   (no gloves)
Will     .....                  (no barding)
Stlth    ..........             (no amulet)
HPRegen  0.10/turn              (no ring)
MPRegen  0.08/turn              (no ring)

@: drained, very slow
A: AC +1, large, see invisible, deformed body, poison resistance, slowness 2,
spit poison 1, naga tail 1
a: Spit Poison


You were on level 2 of the Dungeon.
You visited 1 branch of the dungeon, and saw 2 of its levels.

You collected 50 gold pieces.

Inventory:

Hand Weapons
 a - a +0 war axe (weapon)
Armour
 b - a +0 scale mail (worn)
 c - a +0 kite shield (worn)
Jewellery
 e - an amulet of guardian spirit
 f - a ring of willpower
 h - a +6 ring of strength
Scrolls
 g - a scroll of enchant weapon {unknown}
 i - a scroll of magic mapping {unknown}
 j - a scroll of teleportation {unknown}
 l - a scroll of fog {unknown}
 m - a scroll of amnesia {unknown}
Potions
 d - a potion of might
 k - a potion of attraction {unknown}
 n - 3 potions of heal wounds {unknown}
 o - a potion of lignification {unknown}


   Skills:
 + Level 3.2 Fighting
 + Level 2.4 Axes
 + Level 2.8 Armour
 + Level 0.3 Dodging
 + Level 2.7 Shields


You had 2 spell levels left.
You didn't know any spells.
Your spell library was empty.

Dungeon Overview and Level Annotations

Branches:
Dungeon (2/15)

Altars:

Annotations:
D:2 Sigmund


Innate Abilities, Weirdness & Mutations

Your serpentine skin is tough. (AC +1)
You have supernaturally acute eyesight. (SInv)
Armour fits poorly on your strangely shaped body.
Your system is resistant to poisons. (rPois)
You cover ground very slowly.
You can spit poison.
You have a snake-like lower body.


Message History

No target in view!
No target in view!
No target in view!
No target in view!
No target in view!
No target in view!
No target in view!
No target in view!
An endoplasm comes into view.
The endoplasm quivers.
You see here a bubbling orange potion.
An endoplasm is nearby!
An endoplasm is nearby!
You slash the endoplasm!
You kill the endoplasm!
No target in view!
No target in view!
No target in view!
No target in view!
No target in view!
No target in view!
No target in view!
No target in view!
No target in view!
o - a bubbling orange potion
n - 3 purple potions (gained 1) Sigmund the Dreaded comes into view.
He is wielding a +0 scythe.
Sigmund shouts!
You hear a shout!
A hobgoblin comes into view.
Sigmund gestures at you while chanting. The magic dart hits you.
Found 10 bolts.
There are monsters nearby!
The hobgoblin shouts!
Sigmund hits you with a +0 scythe.
Found a hand axe.
You closely miss Sigmund.
A kobold comes into view. It is wielding a +0 dagger.
Sigmund hits you with a +0 scythe! x2
You die...

#.#....... .)...
#.#..P≈≈≈≈ ....
..###≈≈≈≈≈ ...#
.## ##≈≈≈≈ K.# #.#
##♣♣P ..# #.# ##
#g# #.# #@# #.#
#@#### #.# #....#
#.#
####.###.######.##
#..............
#####.####.####
#.# #.#
#######.####.#
..........##.####
#####.###.##.....


You could see Sigmund, a hobgoblin and a kobold.

Vanquished Creatures
  A dart slug (D:1)
  3 ball pythons (D:2)
  4 endoplasms
  2 giant cockroaches (D:2)
  3 goblins
  2 hobgoblins (D:1)
  6 jackals (D:1)
  2 bats
  A frilled lizard (D:1)
  4 kobolds
  2 rats
30 creatures vanquished.

Vanquished Creatures (others)
  4 plants (D:2)
4 creatures vanquished.

Grand Total: 34 creatures vanquished

Notes
Turn   | Place    | Note
-------+----------+-------------------------------------------
     0 | D:1      | 27snakeeyes612 the Naga Fighter began the quest for the
                  | Orb.
     0 | D:1      | Reached XP level 1. HP: 21/21 MP: 1/1
   273 | D:1      | Reached XP level 2. HP: 7/28 MP: 2/2
  1028 | D:1      | Reached XP level 3. HP: 28/34 MP: 3/3
  2016 | D:2      | Noticed Sigmund
  2018 | D:2      | Slain by Sigmund

Illustrated notes

Levels and vault maps discovered:
D:1:      psy_arrival_whirlpool, layout_loops_ring, minmay_tetromino_t4
D:2:      layout_loops_ring, minmay_misc_feat_four_crosses,
          serial_bayou_lagoon_b, uniq_sigmund

Action                   || total
-------------------------++-------
Melee: War axe           ||    99
Armor: Scale mail        ||    47
Dodge: Dodged            ||    21
Block: Kite shield       ||    61

Table legend: (Time is in decaauts)
 A = Elapsed time spent in this place.
 B = Non-inter-level travel time spent in this place.
 C = Inter-level travel time spent in this place.
 D = Time resting spent in this place.
 E = Time spent auto-exploring this place.
 F = Levels seen in this place.
 G = Mean time per level.
                   A        B        C        D        E       F      G
               +--------+--------+--------+--------+--------+-----+--------+
         Total |   2452 |   2395 |     57 |      0 |   2123 |   2 | 1226.0 |
       Dungeon |   2452 |   2395 |     57 |      0 |   2123 |   2 | 1226.0 |
               +--------+--------+--------+--------+--------+-----+--------+

Top non-repeatable levels by time:
     D:1: 1932 daAuts
     D:2: 520 daAuts
